 Dungeon Crawl Stone Soup version 0.25.1-11-g244df3a29b (webtiles) character file.

Game seed: 6526593037024858860

68 Zeld the Shooter (level 4, 26/37 HPs)
             Began as a Centaur Hunter on May 24, 2022.
             Was an Initiate of Ashenzari.
             Quit the game in an ossuary.
             The game lasted 00:01:59 (1599 turns).

Zeld the Shooter (Centaur Hunter)                   Turns: 1599, Time: 00:01:59

Health: 26/37      AC:  4    Str: 15    XL:     4   Next: 1%
Magic:  4/4        EV:  9    Int: 10    God:    Ashenzari [......]
Gold:   71         SH:  0    Dex: 10    Spells: 3/3 levels left

rFire    . . .     SeeInvis .   a - +1 shortbow (curse)
rCold    . . .     Gourm    .   (shield currently unavailable)
rNeg     . . .     Faith    .   c - +0 leather armour
rPois    .         Spirit   .   (no helmet)
rElec    .         Reflect  .   (no cloak)
rCorr    .         Harm     .   (no gloves)
MR       .....                  (no barding)
Stlth    +.........             (no amulet)
HPRegen  0.12/turn              (no ring)
MPRegen  0.09/turn              (no ring)

@: very quick
A: large, hooves 3, deformed body, speed 2, tough skin 3
a: Curse Item, Renounce Religion


You were in an ossuary.
You worshipped Ashenzari.
Ashenzari was noncommittal.
You were not hungry.

You visited 1 branch of the dungeon, and saw 3 of its levels.
You also visited: Ossuary.

You collected 71 gold pieces.

Inventory:

Hand Weapons
 a - a cursed +1 shortbow (weapon)
 b - a +0 short sword
Armour
 c - a +0 leather armour (worn)
Jewellery
 g - a +4 ring of slaying
Scrolls
 e - a scroll of remove curse
 h - a scroll of identify {unknown}
 i - a scroll of amnesia {unknown}
 j - a scroll of magic mapping {unknown}
 n - a scroll of fear {unknown}
 o - a scroll of fog {unknown}
Potions
 k - a potion of curing {unknown}
 l - a potion of heal wounds {unknown}
Comestibles
 f - 7 rations


   Skills:
 + Level 2.5 Fighting
 * Level 6.2 Bows
 + Level 1.9 Dodging
 + Level 1.2 Stealth


You had 3 spell levels left.
You didn't know any spells.
Your spell library was empty.

Dungeon Overview and Level Annotations

Branches:
Dungeon (4/15)            Ossuary (1/1)
 Temple: D:4-7

Altars:
Ashenzari
Makhleb

Annotations:
D:4 Dowan, Duvessa


Innate Abilities, Weirdness & Mutations

You have hooves in place of feet.
Armour fits poorly on your strangely shaped body.
You cover ground very quickly.
You have extremely tough skin. (AC +3)


Message History

Aim: a kobold zombie (heavily damaged)
Okay, then.
Firing (i - inventory) No suitable missiles.
Press: ? - help, Shift-Dir - straight line, f/p - kobold zombie
Aim: a kobold zombie (heavily damaged)
Okay, then.
Firing (i - inventory) No suitable missiles.
Press: ? - help, Shift-Dir - straight line, f/p - kobold zombie
Aim: a kobold zombie (heavily damaged)
Okay, then.
You see here an arrow.
d - an arrow A gnoll zombie comes into view.
Firing (i - inventory)
d - an arrow (quivered)
Press: ? - help, Shift-Dir - straight line, f/p - kobold zombie
Aim: a kobold zombie (heavily damaged)
You shoot an arrow. The arrow hits the kobold zombie.
You destroy the kobold zombie!
Unknown command.
Are you sure you want to abandon this character and quit the game? (Confirm with "yes".)

.......
.Z....
#(((.#
#.(..#
#....#
#..(.#
#.(..#
#.@..#
#....#
#....#
#.∩∩.#
######


You could see a gnoll zombie.

Vanquished Creatures
  Terence (D:2)
  An adder (D:2)
  An ooze (D:1)
  2 worms (D:2)
  2 giant cockroaches
  4 hobgoblins
  2 bats (D:2)
  2 gnoll zombies (Ossuary)
  4 goblins
  5 kobolds (D:2)
  A kobold zombie (Ossuary)
  3 rats (D:1)
28 creatures vanquished.

Notes
Turn   | Place    | Note
-------+----------+-------------------------------------------
     0 | D:1      | Zeld the Centaur Hunter began the quest for the Orb.
     0 | D:1      | Reached XP level 1. HP: 17/17 MP: 1/1
   391 | D:1      | Reached XP level 2. HP: 24/24 MP: 2/2
   746 | D:2      | Reached skill level 1 in Stealth
   746 | D:2      | Reached XP level 3. HP: 30/30 MP: 3/3
   850 | D:2      | Noticed Terence
   859 | D:2      | Killed Terence
   859 | D:2      | Reached skill level 6 in Bows
  1174 | D:2      | Found a burning altar of Makhleb.
  1329 | D:2      | You fall into a shaft and drop 2 floors!
  1406 | D:4      | Found a shattered altar of Ashenzari.
  1411 | D:4      | Noticed a phantom
  1412 | D:4      | Became a worshipper of Ashenzari the Shackled
  1427 | D:4      | Noticed Duvessa
  1429 | D:4      | Noticed Dowan
  1504 | D:4      | Found a sand-covered staircase.
  1516 | Ossuary  | Entered an ossuary
  1592 | Ossuary  | Reached XP level 4. HP: 25/37 MP: 4/4
  1599 | Ossuary  | Quit the game

Illustrated notes

Levels and vault maps discovered:
D:1:      moated_graveyard_arrival, layout_loops_ring
D:2:      layout_loops_ring, lightli_temple_of_fire, uniq_terence
D:4:      layout_loops_ring, nicolae_ashenzari_panopticon,
          overflow_temple_1_default, lightli_ossuary_entry_decrepit_ruins,
          first_ration, uniq_grinder, uniq_duvessa
Ossuary:  ossuary_tomb_3

Skill      XL: |  1  2  3 |
---------------+----------+-----
Stealth        | 1 |  1.2
Bows           | 6 |  6.2
Fighting       | |  2.5
Dodging        | |  1.9

Action                   |  1- 3 |  4- 6 || total
-------------------------+-------+-------++-------
 Fire: Shortbow          |    79 |     3 ||    82
Invok: Curse Item        |     1 |       ||     1
  Eat: Chunk             |     1 |       ||     1
Armor: Leather armour    |     6 |       ||     6
Dodge: Dodged            |     8 |       ||     8
